 Dungeon Crawl Stone Soup version 0.29.1-1-gd02db6906a (webtiles) character file.

Game seed: 12725721977815612358

140 Ashen the Insei (level 5, 0/38 HPs)
             Began as a Demonspawn Transmuter on Oct 8, 2022.
             Slain by a quokka (4 damage)
             ... on level 3 of the Dungeon.
             The game lasted 00:02:30 (1702 turns).

Ashen the Insei (Demonspawn Transmuter)             Turns: 1702, Time: 00:02:31

Health: 0/38       AC:  6    Str: 10    XL:     5   Next: 2%
Magic:  8/8        EV: 12    Int: 16    God:
Gold:   76         SH:  0    Dex: 14    Spells: 3/9 levels left

rFire   . . .      SeeInvis .     - Unarmed
rCold   . . .      Faith    .   (no shield)
rNeg    . . .      Spirit   .   a - +0 robe
rPois   .          Reflect  .   (helmet currently unavailable)
rElec   .          Harm     .   (no cloak)
rCorr   .          Rampage  .   (no gloves)
Will    .....                   (boots currently unavailable)
Stlth   +.........              (no amulet)
HPRegen 0.12/turn               i - +4 ring of protection
MPRegen 0.11/turn               (no ring)

@: confused, lethally poisoned (0 -> -17), appendages (expiring), ambrosia-drunk
A: horns 2, talons 2, powered by death 1
a: End Transformation


You were on level 3 of the Dungeon.
You had temporarily grown beastly horns and talons.
You visited 1 branch of the dungeon, and saw 3 of its levels.

You collected 76 gold pieces.

Inventory:

Armour
 a - a +0 robe (worn)
Jewellery
 i - a +4 ring of protection (left hand)
Scrolls
 e - a scroll of summoning {unknown}
 f - a scroll of immolation {unknown}
 g - a scroll of fear {unknown}
 j - 2 scrolls of blinking {unknown}
 k - 2 scrolls of identify {unknown}
Potions
 b - a potion of lignification
 c - a potion of ambrosia
 d - a potion of invisibility {unknown}
 h - a potion of curing {unknown}


   Skills:
 + Level 2.0 Fighting
 + Level 2.4 Dodging
 + Level 3.2 Unarmed Combat
 + Level 2.6 Spellcasting
 * Level 3.0 Transmutations


You had 3 spell levels left.
You knew the following spells:

 Your Spells              Type           Power      Damage    Failure   Level
a - Beastly Appendage     Tmut           24%        N/A       5%          1
b - Spider Form           Tmut/Pois      7%         N/A       30%         3
c - Wereblood             Tmut           12%        N/A       9%          2

Your spell library contained the following spells:

 Spells                   Type           Power      Damage    Failure   Level
 Ignite Poison            Fire/Tmut/Pois 5%         N/A       36%         3
 Conjure Flame            Conj/Fire      2%         6-21      52%         3
 Ice Form                 Ice/Tmut       7%         N/A       71%         4
 Sticky Flame             Conj/Fire      2%         2d3       89%         4


Dungeon Overview and Level Annotations

Branches:
Dungeon (3/15)

Altars:


Innate Abilities, Weirdness & Mutations

You have temporarily grown beastly horns and talons.
You regenerate a little health from kills.


Message History

The orc closely misses you.
You barely miss the orc. You headbutt the orc.
The orc is lightly wounded.
The orc hits you with a +2 hand axe of venom.
You are poisoned.
You hit the orc. Your kick misses the orc. Your headbutt misses the orc.
The orc is moderately wounded.
You feel very sick. The orc barely misses you.
You hit the orc. Your kick misses the orc.
The orc is heavily wounded.
You feel sick.
The orc hits you with a +2 hand axe of venom.
You are more poisoned.
You closely miss the orc.
The orc is heavily wounded.
You feel very sick.
The orc hits you with a +2 hand axe of venom.
You are lethally poisoned!
You closely miss the orc.
The orc is heavily wounded.
You feel very sick. The orc hits you but does no damage.
You are more poisoned.
You hit the orc.
You kill the orc!
* * * LOW HITPOINT WARNING * * *
You feel extremely sick.
It was a potion of ambrosia.
You are confused.
You feel invigorated.
Your transformation is almost over.
* * * LOW HITPOINT WARNING * * *
You feel very sick.
You barely miss the quokka. Your kick misses the quokka.
Your headbutt misses the quokka.
* * * LOW HITPOINT WARNING * * *
You feel very sick. The quokka bites you.
You die...

. ### .. .. #..
.# ###''###.##
#......#.)##
#.≈..≈.##..##
+.....(r@...##
+......'.....#
#.≈..≈.#####.....
#......# ##...
###'†### ..
#...## . #.#..#
#.##.# #. #.##


You could see a quokka.

Vanquished Creatures
  Jessica (D:2)
  Natasha (twice) (D:2)
  3 adders
  A dart slug (D:1)
  An orc (D:3)
  2 bats (D:1)
  3 endoplasms
  5 giant cockroaches
  8 hobgoblins
  A quokka (D:2)
  2 ball pythons (D:2)
  A frilled lizard (D:1)
  2 goblins
  A kobold (D:1)
  2 rats (D:2)
35 creatures vanquished.

Notes
Turn   | Place    | Note
-------+----------+-------------------------------------------
     0 | D:1      | Ashen the Demonspawn Transmuter began the quest for the
                  | Orb.
     0 | D:1      | Reached XP level 1. HP: 15/15 MP: 3/3
   161 | D:1      | Found a faded altar of an unknown god.
   322 | D:1      | Gained mutation: You regenerate a little health from kills.
                  | [demonic ancestry]
   322 | D:1      | Reached XP level 2. HP: 18/21 MP: 5/5
   901 | D:2      | Noticed Jessica
   910 | D:2      | Killed Jessica
   911 | D:2      | Reached XP level 3. HP: 26/26 MP: 4/6
   915 | D:2      | Learned a level 3 spell: Spider Form
   918 | D:2      | Learned a level 2 spell: Wereblood
  1005 | D:2      | Noticed Natasha
  1015 | D:2      | Killed Natasha
  1016 | D:2      | Reached XP level 4. HP: 17/33 MP: 5/7
  1437 | D:2      | Noticed Natasha
  1450 | D:2      | Killed Natasha
  1693 | D:3      | Reached XP level 5. HP: 35/38 MP: 6/8
  1702 | D:3      | Slain by a quokka

Illustrated notes

Levels and vault maps discovered:
D:1:      lemuel_arrival_behind_the_door_large, layout_loops_cross,
          ebering_ecumenical_altar_abandoned
D:2:      layout_basic, uniq_jessica, uniq_natasha
D:3:      layout_rooms, minmay_misc_feat_nine_boxes, kennysheep_generic_room_15

Skill      XL: |  1  2  3  4 |
---------------+-------------+-----
Transmutations | 2 3 |  3.0
Dodging        | 2 |  2.4
Unarmed Combat | 3 |  3.2
Fighting       | 2 |  2.0
Spellcasting   | |  2.6

Action                   |  1- 3 |  4- 6 || total
-------------------------+-------+-------++-------
Melee: Unarmed           |    51 |    60 ||   111
       Kick              |     6 |    18 ||    24
       Headbutt          |     1 |     5 ||     6
       Punch             |     1 |       ||     1
 Cast: Beastly Appendage |    11 |     9 ||    20
       Wereblood         |     1 |     1 ||     2
  Use: Potion            |       |     1 ||     1
 Stab: Sleeping          |       |     2 ||     2
Armor: Robe              |     6 |    18 ||    24
Dodge: Dodged            |    33 |    26 ||    59
